Map: Ley Lines

Players

Lambo

  • Race: Zerg Zerg
  • Spawn Location: 7:00

A.I. 1 (Very Easy) - Winner!

  • Race: Terran Terran
  • Spawn Location: 1:00

VOD

Have the link to the VOD?

Description

The Replay for the Pool First Beginners to Interemediate Guide

Time

  • Played on: Oct. 20, 2025, 7:26 a.m.
  • Length: 7:54
Show
View Real Time Build Order
Export as new Build Order

Lambo Zerg 

Build Orders: Pool First 

Get SALT Encoding   

  12  0:00  Drone  
  13  0:08  Drone  
  14  0:16  Overlord  
  14  0:21  Extractor  
  14  0:23  Drone  
  15  0:35  Drone x2  
  17  0:43  Spawning Pool  
  17  0:47  Drone  
  17  0:54  Drone  
  18  1:09  Hatchery  
  18  1:11  Extractor  
  16  1:14  Drone  
  16  1:17  Drone  
  18  1:30  Queen  
  18  1:31  Zergling x2  
  21  1:38  Overlord  
  21  1:47  Drone  
  22  1:58  Drone  
  23  2:05  Queen  
  25  2:09  Drone  
  25  2:13  Metabolic Boost  
  26  2:20  Drone x2  
  28  2:23  Queen  
  30  2:31  Drone  
  30  2:32  Drone  
  30  2:36  Overlord  
  32  2:38  Drone  
  32  2:39  Drone  
  32  2:42  Drone  
  35  2:45  Drone  
  36  2:55  Drone x2  
  38  3:01  Hatchery  
  38  3:04  Overlord  
  37  3:06  Drone  
  37  3:12  Drone x3  
  41  3:15  Drone x2  
  41  3:17  Drone  
  44  3:20  Overlord  
  44  3:26  Queen  
  46  3:32  Zergling x6  
  49  3:38  Queen  
  49  3:40  Zergling x4  
  53  3:45  Drone  
  54  3:49  Drone x4  
  54  3:50  Drone  
  54  3:53  Spore Crawler  
  58  3:55  Spore Crawler  
  58  4:01  Roach Warren  
  56  4:04  Overlord  
  56  4:06  Drone  
  57  4:12  Drone x3  
  57  4:14  Drone x2  
  57  4:17  Overlord  
  62  4:22  Drone x3  
  65  4:25  Spore Crawler  
  65  4:28  Overlord  
  65  4:29  Drone  
  65  4:30  Drone  
  66  4:32  Drone  
  66  4:34  Drone  
  68  4:38  Drone x4  
  68  4:41  Extractor  
  68  4:42  Extractor  
  68  4:45  Drone x2  
  72  4:49  Extractor  
  72  4:50  Overlord  
  71  4:53  Drone x3  
  71  4:54  Overlord  
  71  4:57  Roach  
  76  5:00  Roach x4  
  76  5:04  Lair  
  76  5:05  Drone  
  85  5:10  Drone  
  85  5:11  Overlord  
  86  5:19  Overlord  
  86  5:22  Overlord  
  86  5:23  Roach  
  86  5:24  Roach x5  
  98  5:29  Drone x3  
  98  5:32  Extractor  
  98  5:34  Drone x4, Extractor  
  103  5:35  Drone x3  
  103  5:41  Evolution Chamber  
  105  5:51  Overlord  
  105  5:53  Roach x3  
  111  5:58  Overlord  
  111  5:59  Roach x6  
  111  6:01  Glial Reconstitution  
  111  6:03  Overseer  
  123  6:08  Hydralisk Den, Drone  
  123  6:10  Overlord  
  123  6:16  Roach  
  123  6:18  Overlord  
  125  6:21  Overlord  
  125  6:22  Hatchery  
  125  6:23  Roach  
  125  6:24  Roach  
  127  6:27  Overlord  
  127  6:31  Roach x3  
  133  6:37  Roach x4  
  133  6:39  Muscular Augments  
  141  6:42  Hydralisk  
  141  6:44  Hydralisk  
  145  6:49  Hydralisk x2  
  145  6:52  Hydralisk x2  
  153  6:56  Hydralisk  
  153  6:57  Hydralisk  
  157  7:03  Hydralisk  
  157  7:04  Hydralisk  
  157  7:08  Hydralisk x2  
  165  7:09  Overlord  
  165  7:10  Overlord  
  165  7:13  Hydralisk  
  165  7:14  Hydralisk  
  169  7:17  Hydralisk  
  169  7:19  Roach  
  177  7:22  Roach  
  177  7:23  Roach  
  177  7:25  Overlord  
  177  7:29  Roach x3  
  183  7:32  Roach x2  
Show
View Real Time Build Order
Export as new Build Order

A.I. 1 (Very Easy) Terran - Winner!

Build Orders:  

Get SALT Encoding   

  12  0:00  SCV  
  13  0:13  SCV  
  14  0:19  Supply Depot  
  14  0:37  Refinery  
  14  0:43  Barracks  
  14  1:03  Supply Depot  
  14  1:12  Refinery  
  14  1:29  SCV  
  14  1:30  Marine  
  16  1:41  SCV  
  17  1:53  SCV  
  18  2:04  Marine  
  18  2:05  SCV  
  20  2:17  SCV  
  21  2:29  SCV  
  22  2:38  Marine  
  22  2:42  Orbital Command  
  23  4:20  SCV  
  23  5:30  SCV  
  23  5:50  SCV, Marine  
  23  5:53  Supply Depot  
  23  5:56  Factory  
  25  6:15  SCV  
  25  6:18  Supply Depot  
  26  6:23  Barracks Tech Lab  
  24  6:27  SCV  
  23  6:39  SCV  
  24  6:42  Marauder  
  24  6:44  Starport  
  26  6:49  Command Center  
  26  6:51  SCV  
  27  7:03  SCV  
  28  7:13  Marine  
  29  7:19  Starport Tech Lab  
Tags
 
Matchup
TvZ
Opening
Pool First
Player
Lambo
Spawn Locations
Cross Positions
Add a new tag
Caveats
  • Supply blocks, unpowered buildings, or Contaminate may cause inaccurate times.
  • Supply counts are checked every 10 seconds.